 Dungeon Crawl Stone Soup version 0.30-a0-808-g6e0788376e (webtiles) character file.

Game seed: 552525787631655194

56 Demosthentine the Poker (level 3, 0/28 HPs)
             Began as a Demonspawn Gladiator on Feb 26, 2023.
             Killed by nerve-wracking pain
             ... invoked by an orc priest
              (9 damage)
             ... on level 3 of the Dungeon.
             The game lasted 00:02:14 (1373 turns).

Demosthentine the Poker (Demonspawn Gladiator)      Turns: 1373, Time: 00:02:14

Health: 0/28       AC:  8    Str: 14    XL:     3   Next: 71%
Magic:  3/3        EV: 12    Int:  9    God:
Gold:   18         SH:  0    Dex: 16    Spells: 2/2 levels left

rFire   . . .      SeeInvis .    a - +1 trident
rCold   . . .      Faith    .    (no shield)
rNeg    . . .      Spirit   .    b - +0 leather armour
rPois   .          Reflect  .    c - +1 helmet
rElec   .          Harm     .    g - +1 cloak
rCorr   .          Rampage  .    l - +0 pair of gloves
Will    .....                    (no boots)
Stlth   +                        (no amulet)
HPRegen 0.24/turn                (no ring)
MPRegen 0.08/turn                (no ring)

@: no status effects
A: weakness stinger 2
a: no special abilities


You were on level 3 of the Dungeon.
You visited 1 branch of the dungeon, and saw 3 of its levels.

You collected 106 gold pieces.
You spent 88 gold pieces at shops.

Inventory:

Hand Weapons
 a - a +1 trident (weapon)
Missiles
 d - 3 throwing nets (quivered)
 e - a javelin
Armour
 b - a +0 leather armour (worn)
 c - a +1 helmet (worn)
 g - a +1 cloak (worn)
 l - a +0 pair of gloves (worn)
Jewellery
 q - a ring of magical power
Scrolls
 n - 2 scrolls of identify {unknown}
Potions
 f - a potion of haste {unknown}
 i - a potion of flight {unknown}
 j - a potion of resistance {unknown}
 k - 2 potions of attraction {unknown}
 m - a potion of heal wounds {unknown}
 o - 3 potions of curing
 p - a potion of berserk rage


   Skills:
 + Level 2.6 Fighting
 + Level 3.2 Polearms
 - Level 1.7 Throwing
 + Level 1.3 Armour
 + Level 3.1 Dodging


You had 2 spell levels left.
You didn't know any spells.
Your spell library contained the following spells:

 Spells                   Type           Power      Damage    Failure   Level
 Apportation              Tloc           0%         N/A       45%         1
 Necrotise                Necr           0%         1d4       45%         1
 Summon Small Mammal      Summ           0%         N/A       45%         1


Dungeon Overview and Level Annotations

Branches:
Dungeon (3/15)

Altars:
Trog

Shops:
D:2 !


Innate Abilities, Weirdness & Mutations

You have a tail ending in a sharp stinger.


Message History

The orc priest looks encouraged for a moment.
The orc priest begins to cast a cantrip, but forgets the words!
There are monsters nearby!
Unknown command.
Okay, then.
The orc priest miscasts a cantrip.
Blink to where?
Press: ? - help, Dir - move target
As you read the scroll of blinking, it crumbles to dust.
Found 5 poisoned darts.
Found a buckler.
There is a stone staircase leading up here.
You climb upwards.
There is a stone staircase leading down here.
HP restored.
Done exploring.
You climb downwards.
There is a stone staircase leading up here.
An orc priest is nearby!
You hit the orc priest.
Your tail-slap misses the orc priest.
The orc priest is lightly wounded.
The orc priest hits you with a +0 club. x2
You hit the orc priest.
The orc priest is heavily wounded.
The orc priest invokes the aid of Beogh against you.
Beogh smites you!
* * * LOW HITPOINT WARNING * * *
You are too injured to fight recklessly!
You are too injured to fight recklessly!
You closely miss the orc priest.
Your tail-slap misses the orc priest.
The orc priest is heavily wounded.
The orc priest barely misses you.
You barely miss the orc priest.
The orc priest is heavily wounded.
The orc priest barely misses you.
You closely miss the orc priest.
The orc priest is heavily wounded.
The orc priest calls down the wrath of Beogh upon you.
Pain shoots through your body!
You die...

.........#
#.....#####.#
.........#
#.#.......#
)........#
###+#...##.##
.........#
#...........#
.........#
#......######
......#+##
#....<........
#####.#
#....†..######
#... #.......+
#####
####o@.>...#
#[.o####......
#..(# #.......
############...#
........
...............+
........
#.##########...#
.###### #.#
#...# #.##
#..... #..##
####....


You could see an orc priest and an orc.

Vanquished Creatures
  2 adders (D:2)
  An orc (D:3)
  9 endoplasms
  3 giant cockroaches
  2 goblins
  A hobgoblin (D:3)
  A kobold (D:1)
  3 quokkas
  5 ball pythons
  4 bats
  4 rats (D:1)
35 creatures vanquished.

Notes
Turn   | Place    | Note
-------+----------+-------------------------------------------
     0 | D:1      | Demosthentine the Demonspawn Gladiator began the quest for
                  | the Orb.
     0 | D:1      | Reached XP level 1. HP: 16/16 MP: 1/1
    98 | D:1      | Gained mutation: You have a small tail. [demonic ancestry]
    98 | D:1      | Reached XP level 2. HP: 22/22 MP: 2/2
   484 | D:1      | Reached skill level 1 in Armour
   663 | D:2      | Gained mutation: You have a tail ending in a sharp stinger.
                  | [demonic ancestry]
   663 | D:2      | Reached XP level 3. HP: 28/28 MP: 3/3
   705 | D:2      | Found a bloodstained altar of Trog.
  1119 | D:2      | Found Suesie's Distillery.
  1144 | D:2      | Bought a potion of curing for 33 gold pieces
  1144 | D:2      | Bought a potion of berserk rage for 55 gold pieces
  1373 | D:3      | Killed from afar by an orc priest

Illustrated notes

Levels and vault maps discovered:
D:1:      ncdulo_lavacross, layout_basic
D:2:      layout_basic, serial_shops, shop, basic_altar,
          kennysheep_generic_room_5
D:3:      layout_basic, st_stairs_3, minmay_statues_item, uniq_jessica

Skill      XL: |  1  2 |
---------------+-------+-----
Polearms       | 3 |  3.2
Armour         | 1 |  1.3
Dodging        | 3 |  3.1
Fighting       | |  2.6
Throwing       | |  1.7

Action                     || total
---------------------------++-------
  Melee: Trident           ||    91
         Tailslap          ||    10
    Use: Scroll            ||     6
   Stab: Sleeping          ||     5
 Armour: Leather armour    ||    21
  Dodge: Dodged            ||    29

Table legend: (Time is in decaauts)
 A = Elapsed time spent in this place.
 B = Non-inter-level travel time spent in this place.
 C = Inter-level travel time spent in this place.
 D = Time resting spent in this place.
 E = Time spent auto-exploring this place.
 F = Levels seen in this place.
 G = Mean time per level.
                   A        B        C        D        E       F      G
               +--------+--------+--------+--------+--------+-----+--------+
         Total |   1387 |   1351 |     36 |      0 |   1028 |   3 |  462.3 |
       Dungeon |   1387 |   1351 |     36 |      0 |   1028 |   3 |  462.3 |
               +--------+--------+--------+--------+--------+-----+--------+

Top non-repeatable levels by time:
     D:2: 717 daAuts
     D:1: 549 daAuts
     D:3: 120 daAuts
